 Dungeon Crawl Stone Soup version 0.16.1-11-g651b585 (webtiles) character file.

70 Radiman the Digger (level 4, -3/24 HPs)
             Began as a Gargoyle Earth Elementalist on Mar 31, 2015.
             Slain by a killer bee (5 damage)
             ... on level 3 of the Dungeon.
             The game lasted 00:10:16 (2048 turns).

Radiman the Digger (Gargoyle Earth Elementalist)    Turns: 2048, Time: 00:10:16

Health: -3/24      AC:  8    Str: 12    XL:     4   Next: 21%
Magic:  1/10       EV: 12    Int: 16    God:
Gold:   150        SH:  0    Dex: 10    Spells: 3 memorised, 4 levels left

rFire  . . .     SeeInvis .     m - +0 whip
rCold  . . .     Clarity  .     c - +0 robe
rNeg   + . .     SustAb   .     (no shield)
rPois  ∞         Gourm    +     (no helmet)
rElec  +         Spirit   .     k - +2 cloak
rCorr  .         Warding  .     (no gloves)
rMut   .         Stasis   .     (no boots)
MR     .....                    n - amulet of the gourmand
Stlth  ++........               (no ring)
                                (no ring)

@: very slightly contaminated, not resistant to hostile enchantments, unstealthy
A: negative energy resistance 1, electricity resistance, unbreathing,
petrification resistance, rot immunity, AC +3
a: no special abilities


You were on level 3 of the Dungeon.
You were full.

You visited 1 branch of the dungeon, and saw 3 of its levels.

You collected 150 gold pieces.

Inventory:

Hand weapons
 m - a +0 whip (weapon)
Missiles
 b - 106 stones (quivered)
Armour
 c - a +0 robe (worn)
 k - a +2 cloak (worn)
Jewellery
 n - an amulet of the gourmand (around neck)
Scrolls
 e - 3 scrolls of teleportation {unknown}
 g - 2 scrolls of magic mapping {unknown}
 h - a scroll of enchant armour {unknown}
 i - 2 scrolls of random uselessness {unknown}
Potions
 j - a potion of might {unknown}
Books
 d - a book of Geomancy

   Spells                             Type                      Level
   a - Sandblast                      Earth                        1
   b - Stoneskin                      Transmutation/Earth          2
   c - Passwall                       Transmutation/Earth          3
   d - Stone Arrow                    Conjuration/Earth            3
   e - Petrify                        Transmutation/Earth          4
   f - Lee's Rapid Deconstruction     Earth                        5
Comestibles
 a - 3 bread rations
 f - a meat ration
 l - 2 slices of pizza


   Skills:
 - Level 1.5 Dodging
 - Level 2.1 Stealth
 * Level 3.6 Spellcasting
 + Level 0.2 Conjurations
 - Level 0.7 Transmutations
 + Level 4.3 Earth Magic


You had 4 spell levels left.
You knew the following spells:

 Your Spells              Type           Power        Failure   Level  Hunger
a - Sandblast             Erth           ###...       3%          1    None
b - Stoneskin             Trmt/Erth      ##......     12%         2    ##.....
c - Stone Arrow           Conj/Erth      ##....       21%         3    ###....


Dungeon Overview and Level Annotations

Branches:
Dungeon (3/15)

Altars:


Innate Abilities, Weirdness & Mutations

You are resistant to torment.
You are immune to poison.
Your stone body is very resilient (AC +3).
You resist negative energy.
You are resistant to electric shocks.
You can survive without breathing.
You are immune to petrification.
You are immune to rotting.


Message History

Press: ? - help, Shift-Dir - straight line, f/p - killer bee
Aim: a killer bee (heavily wounded)
The blast of sand misses the killer bee. x2
The killer bee barely misses you.
The killer bee stings you but does no damage.
The killer bee barely misses you. The killer bee barely misses you.
The killer bee stings you.
The killer bee stings you but does no damage.
The killer bee stings you.
* * * LOW HITPOINT WARNING * * *
The killer bee stings you.
* * * LOW HITPOINT WARNING * * *
The killer bee stings you but does no damage.
A killer bee comes into view.
The killer bee stings you.
* * * LOW HITPOINT WARNING * * *
The killer bee misses you. The killer bee closely misses you.
The killer bee stings you.
You die...

#.....## #y# ###
##..#..###.#
##.##....y#
#.....g..##.##
##.............
#...........#
#y...........#
##y.........#.
##@y..........
##.............
#..<............
#................
#...†.............
#..†..............
#.................
#...............#..
##>................


You could see 3 killer bees and a goblin.

Vanquished Creatures
  2 adders (D:2)
  A giant mite (D:2)
  A worm (D:2)
  A giant gecko (D:2)
  2 ball pythons
  4 giant cockroaches
  6 hobgoblins
  An ooze (D:2)
  6 bats
  3 giant newts
  7 goblins
  3 kobolds
  2 rats (D:2)
39 creatures vanquished.

Notes
Turn   | Place    | Note
--------------------------------------------------------------
     0 | D:1      | Radiman, the Gargoyle Earth Elementalist, began the quest for the Orb.
     0 | D:1      | Reached XP level 1. HP: 10/10 MP: 3/3
   488 | D:1      | Reached XP level 2. HP: 15/15 MP: 3/5
   921 | D:2      | Learned a level 2 spell: Stoneskin
  1051 | D:2      | Reached skill level 4 in Earth Magic
  1051 | D:2      | Reached XP level 3. HP: 13/19 MP: 1/6
  1479 | D:2      | Reached XP level 4. HP: 18/24 MP: 0/9
  1944 | D:3      | Learned a level 3 spell: Stone Arrow
  2048 | D:3      | Slain by a killer bee

Action                   |  1- 3 |  4- 6 || total
-------------------------+-------+-------++-------
Melee: Unarmed           |    35 |       ||    35
       Whip              |    10 |     5 ||    15
 Cast: Sandblast         |    66 |    29 ||    95
  Eat: Chunk             |     7 |     6 ||    13
